 Dungeon Crawl Stone Soup version 0.20-a0-1089-g3fde505 (webtiles) character file.

152 Alarkh the Chopper (level 5, -4/61 HPs)
             Began as a Demonspawn Berserker on May 3, 2017.
             Was a Believer of Trog.
             Slain by Grinder (6 damage)
             ... on level 3 of the Dungeon.
             The game lasted 00:03:35 (3229 turns).

Alarkh the Chopper (Demonspawn Berserker)           Turns: 3229, Time: 00:03:35

Health: -4/61      AC:  4    Str: 22    XL:     5   Next: 11%
Magic:  5/5        EV: 12    Int: 10    God:    Trog [**....]
Gold:   142        SH:  0    Dex: 12    Spells: 4/4 levels left

rFire    . . .     SeeInvis .   a - +0 hand axe
rCold    + . .     Gourm    .   (no shield)
rNeg     . . .     Faith    .   b - +0 animal skin
rPois    .         Spirit   .   (no helmet)
rElec    .         Reflect  .   (no cloak)
rCorr    .         Harm     .   (no gloves)
MR       .....                  (no boots)
Stlth    ..........             (no amulet)
Regen    0.2/turn               (no ring)
MPRegen  0.1/turn               (no ring)

@: berserking, very quick
A: slimy green scales 1, cold resistance 1, nightstalker 1
a: Berserk, Trog's Hand, Burn Spellbooks, Renounce Religion


You were on level 3 of the Dungeon.
You worshipped Trog.
Trog was pleased with you.
You were very hungry.

You visited 1 branch of the dungeon, and saw 3 of its levels.

You collected 142 gold pieces.

Inventory:

Hand Weapons
 a - a +0 hand axe (weapon)
Armour
 b - a +0 animal skin (worn)
Scrolls
 d - a scroll of identify {unknown}
 e - 2 scrolls of immolation
 f - a scroll of recharging {unknown}
 g - 2 scrolls of remove curse {unknown}
 i - a scroll of enchant weapon {unknown}
 k - a scroll of fog {unknown}
Potions
 h - a potion of resistance {unknown}
 j - a potion of heal wounds {unknown}
 m - a potion of lignification {unknown}
Comestibles
 c - 6 bread rations
 l - 5 chunks of flesh


   Skills:
 - Level 3.0 Fighting
 + Level 5.3 Axes
 - Level 1.7 Armour
 - Level 1.7 Dodging


You had 4 spell levels left.
You didn't know any spells.

Dungeon Overview and Level Annotations

Branches:
Dungeon (3/15)

Altars:

Annotations:
D:3 Grinder


Innate Abilities, Weirdness & Mutations

You are partially covered in slimy green scales. (AC +2)
Your flesh is cold resistant. (rC+)
You are slightly more attuned to the shadows.


Message History

You closely miss Grinder.
Grinder is lightly wounded.
Grinder gestures at you.
You hit Grinder.
Grinder is moderately wounded.
Grinder completely misses you.
You slash Grinder!
Grinder is heavily wounded.
You hit Grinder.
Grinder is heavily wounded.
Grinder hits you!
* * * LOW HITPOINT WARNING * * *
You writhe in agony.
* * * LOW HITPOINT WARNING * * *
You slash Grinder!
Grinder is severely wounded.
Grinder hits you!
* * * LOW HITPOINT WARNING * * *
You writhe in agony.
You die...

#.# #.# #.# #.#
##### #.#
#########...####.#
#.................
#.#######...##....
#@# #......####...
#5# #......# ##.#
#.# #.###..# #.#
#.###.###..# #.#
#..........# ##'#
#####...##.# ##...
#.#.##.###....
#...##.##.....
##...##.#......


You could see Grinder.

Vanquished Creatures
  A scorpion (D:1)
  4 adders
  An ooze (D:3)
  A worm (D:2)
  A dart slug (D:1)
  2 leopard geckos
  A ball python (D:2)
  7 goblins
  8 hobgoblins
  7 jackals (D:1)
  10 kobolds
  A quokka (D:2)
  9 bats
  2 frilled lizards
55 creatures vanquished.

Notes
Turn   | Place    | Note
-------+----------+-------------------------------------------
     0 | D:1      | Alarkh the Demonspawn Berserker began the quest for the Orb.
     0 | D:1      | Reached XP level 1. HP: 18/18 MP: 1/1
   159 | D:1      | Reached skill level 3 in Axes
   309 | D:1      | Gained mutation: You are slightly more attuned to the shadows. [demonic ancestry]
   309 | D:1      | Reached XP level 2. HP: 22/24 MP: 2/2
   975 | D:1      | Gained mutation: Your flesh is cold resistant. (rC+) [demonic ancestry]
   975 | D:1      | Reached XP level 3. HP: 29/29 MP: 3/3
  1187 | D:1      | Noticed a scorpion
  1197 | D:1      | Killed a scorpion
  1197 | D:1      | Reached skill level 4 in Axes
  1197 | D:1      | Reached XP level 4. HP: 35/35 MP: 4/4
  1980 | D:2      | Reached skill level 5 in Axes
  2006 | D:2      | Reached ** piety under Trog
  2747 | D:3      | Gained mutation: You are partially covered in slimy green scales. (AC +2) [demonic ancestry]
  2747 | D:3      | Reached XP level 5. HP: 41/41 MP: 5/5
  3215 | D:3      | Noticed Grinder
  3229 | D:3      | HP: 2/61 [Grinder (9)]
  3229 | D:3      | Slain by Grinder

Vault maps used:
D:1:      ncdulo_watergridlock
D:3:      first_bread, uniq_grinder

Skill      XL: |  1  2  3  4 |
---------------+-------------+-----
Axes           | 3 4 5 |  5.3
Fighting       | |  3.0
Armour         | |  1.7
Dodging        | |  1.7

Action                   |  1- 3 |  4- 6 || total
-------------------------+-------+-------++-------
Melee: Hand axe          |    58 |   103 ||   161
Invok: Berserk           |     4 |     5 ||     9
  Use: Scroll            |     1 |       ||     1
 Stab: Sleeping          |     5 |     9 ||    14
  Eat: Chunk             |     3 |    11 ||    14
Armor: Animal skin       |     8 |    19 ||    27
Dodge: Dodged            |    34 |    67 ||   101
